 Dungeon Crawl Stone Soup version 0.28.0 (webtiles) character file.

Game seed: 18132701037821142853

9 freelancePsychic the Sneak (level 2, -3/27 HPs)
             Began as a Hill Orc Delver on Feb 6, 2022.
             Was an Initiate of Nemelex Xobeh.
             Slain by an orc (4 damage)
             ... on level 5 of the Dungeon.
             The game lasted 00:01:18 (131 turns).

freelancePsychic the Sneak (Hill Orc Delver)         Turns: 131, Time: 00:01:18

Health: -3/27      AC:  3    Str: 14    XL:     2   Next: 12%
Magic:  2/2        EV: 11    Int: 10    God:    Nemelex Xobeh [......]
Gold:   0          SH:  0    Dex: 12    Spells: 1/1 levels left

rFire   . . .      SeeInvis .   a - +0 short sword
rCold   . . .      Faith    .   (no shield)
rNeg    . . .      Spirit   .   b - +0 leather armour
rPois   .          Reflect  .   (no helmet)
rElec   .          Harm     .   (no cloak)
rCorr   .          Rampage  .   (no gloves)
Will    .....                   (no boots)
Stlth   ++........              (no amulet)
HPRegen 0.09/turn               (no ring)
MPRegen 0.08/turn               (no ring)

@: no status effects
A: no striking features
a: Renounce Religion, Draw Escape, Draw Destruction, Draw Summoning


You were on level 5 of the Dungeon.
You worshipped Nemelex Xobeh.
Nemelex Xobeh was noncommittal.
You visited 1 branch of the dungeon, and saw 2 of its levels.

Inventory:

Hand Weapons
 a - a +0 short sword (weapon)
Armour
 b - a +0 leather armour (worn)
Wands
 g - a wand of digging (2)
Scrolls
 c - a scroll of fog
 e - a scroll of fear


   Skills:
 + Level 3.9 Fighting
 + Level 2.2 Short Blades
 - Level 1.5 Dodging
 - Level 4.1 Stealth
 + Level 1.1 Invocations


You had one spell level left.
You didn't know any spells.
Your spell library was empty.

Dungeon Overview and Level Annotations

Branches:
Dungeon (5/15)
 Temple: D:4-7

Altars:
Nemelex Xobeh
Wu Jian


Message History

The bullfrog zombie barely misses you.
You hit the orc wizard.
The orc wizard is almost dead.
The orc wizard hits you but does no damage.
The orc hits you but does no damage.
You completely miss the orc wizard.
The orc wizard is almost dead.
The bullfrog zombie barely misses you.
The orc wizard gestures at you while chanting.
You are confused.
The orc hits you with a +0 dagger.
You aren't carrying any potions.
You bump into the rock wall.
The bullfrog zombie barely misses you.
You bump into the rock wall.
You feel yourself slow down. The orc wizard completely misses you.
The orc hits you with a +0 dagger.
The orc wizard gestures at you while chanting.
The magic dart hits you!
You are too confused!
You bump into the rock wall.
The orc hits you but does no damage.
An orc comes into view. It is wielding a +0 mace.
The orc hits you with a +0 dagger.
You bump into the rock wall.
The orc shouts!
The orc hits you with a +0 club.
* * * LOW HITPOINT WARNING * * *
The orc misses you.
You bump into the rock wall.
You feel less confused. The orc closely misses you. The orc barely misses you.
You hit the orc.
The orc is heavily wounded.
The orc hits you with a +0 club.
* * * LOW HITPOINT WARNING * * *
The orc barely misses you.
You hit the orc.
The orc is almost dead.
The orc hits you with a +0 club.
You die...
Your body disappears without a glow.

* ******** *
*,,,,,,* *
*,****,******
***,**,,,,,,,,*
,,,,>,,*,****,*
,,*,****,* *,*
*,*,****,* #,*
*,*,,,,,,####.####
,,,,,,,**#...oJo@#
## ,,,,,,,*
#.#..o#o##.#
,,,,,,,*
*,#...#Z#.#
,,,,,,,*
#,#..##..#
,,,,,,,*
#.#.###.##
,,,,,,,* #.#.##..#
,,,...,* #!..$...#
***#.#** ###.J####
#.# #.##


You could see a jelly, an orc wizard, 3 orcs and a bullfrog zombie.

Vanquished Creatures
  An adder (D:5)
1 creature vanquished.

Notes
Turn   | Place    | Note
-------+----------+-------------------------------------------
     0 | D:5      | freelancePsychic the Hill Orc Delver began the quest for
                  | the Orb.
     0 | D:5      | Reached XP level 1. HP: 19/19 MP: 1/1
    21 | D:5      | Noticed a jelly
    66 | D:4      | Found an ornate altar of the Wu Jian Council.
    66 | D:4      | Found a sparkling altar of Nemelex Xobeh.
    77 | D:4      | Became a worshipper of Nemelex Xobeh the Trickster
   106 | D:5      | Reached skill level 1 in Invocations
   106 | D:5      | Reached XP level 2. HP: 27/27 MP: 2/2
   130 | D:5      | HP: 1/27 [orc (4)]
   131 | D:5      | Slain by an orc

Illustrated notes

Levels and vault maps discovered:
D:4:      layout_loops_cross, mainiacjoe_overflow_24_doors,
          nicolae_overflow_hidden_temple, gammafunk_ghost_necromancy,
          minmay_misc_feat_x
D:5:      layout_loops_cross, led_sif_book, kennysheep_generic_room_6,
          uniq_menkaure

Skill      XL: |  1 |
---------------+----+-----
Invocations    | 1 |  1.1
Fighting       | |  3.9
Short Blades   | |  2.2
Dodging        | |  1.5
Stealth        | |  4.1

Action                   || total
-------------------------++-------
Melee: Short sword       ||    10
Evoke: Wand              ||     1
  Use: Scroll            ||     1
       Potion            ||     1
 Stab: Sleeping          ||     1
Armor: Leather armour    ||     3
Dodge: Dodged            ||    13
